 Dungeon Crawl Stone Soup version 0.19.5 (webtiles) character file.

142 theElss the Conjurer (level 5, 0/28 HPs)
             Began as a Deep Elf Conjurer on May 5, 2017.
             Slain by a crimson imp (2 damage)
             ... on level 3 of the Dungeon.
             The game lasted 00:14:51 (3109 turns).

theElss the Conjurer (Deep Elf Conjurer)            Turns: 3109, Time: 00:14:52

Health: 0/28       AC:  3    Str:  5    XL:     5   Next: 4%
Magic:  1/11       EV: 13    Int: 19    God:
Gold:   155        SH:  5    Dex: 15    Spells: 3 memorised, 3 levels left

rFire  . . .     SeeInvis .     i - -2 dagger (curse)
rCold  . . .     Gourm    .     a - +0 robe
rNeg   . . .     Faith    .     f - +0 buckler
rPois  .         Spirit   .     (no helmet)
rElec  .         Reflect  .     k - +0 cloak
rCorr  .         Harm     .     (no gloves)
MR     .....                    (no boots)
Stlth  ++........               (no amulet)
                                (no ring)
                                (no ring)

@: flying (expiring), very slightly contaminated
A: hooves 1, dopey 1, mutation resistance 1
a: no special abilities


You were on level 3 of the Dungeon.
You were not hungry.

You visited 1 branch of the dungeon, and saw 3 of its levels.

You collected 155 gold pieces.

Inventory:

Hand Weapons
 i - a cursed -2 dagger (weapon)
Armour
 a - a +0 robe (worn)
 f - a +0 buckler (worn)
 k - a +0 cloak (worn)
Jewellery
 g - an uncursed amulet of rage {unknown}
Scrolls
 d - 4 scrolls of identify
 e - a scroll of fear {unknown}
 r - a scroll of amnesia {unknown}
Potions
 j - a potion of haste
Books
 b - a book of Conjurations

   Spells                             Type                      Level
   a - Magic Dart                     Conjuration                  1
   b - Searing Ray                    Conjuration                  2
   c - Dazzling Spray                 Conjuration/Hexes            3
   d - Fulminant Prism                Conjuration/Hexes            4
   e - Iskenderun's Mystic Blast      Conjuration                  4
   f - Iskenderun's Battlesphere      Conjuration/Charms           5
Comestibles
 c - 3 bread rations


   Skills:
 - Level 2.4 Dodging
 - Level 2.4 Stealth
 + Level 3.5 Shields
 - Level 3.1 Spellcasting
 - Level 4.8 Conjurations


You had 3 spell levels left.
You knew the following spells:

 Your Spells              Type           Power        Failure   Level  Hunger
a - Magic Dart            Conj           ###.         1%          1    None
c - Searing Ray           Conj           ###...       3%          2    ##.....
d - Iskenderun's Mystic   Conj           ###.....     21%         4    ####...


Dungeon Overview and Level Annotations

Branches:
Dungeon (3/15)

Altars:
Trog


Innate Abilities, Weirdness & Mutations

You have large cloven feet.
You are dopey. (Int -2)
You are somewhat resistant to further mutation.


Message History

Press: ? - help, Shift-Dir - straight line, f/p - ooze
Aim: an ooze (almost dead)
The magic dart hits the ooze.
The ooze is almost dead.
You hit the ooze.
You kill the ooze!
The crimson imp closely misses you.
You closely miss the crimson imp.
You feel yourself slow down. The crimson imp hits you.
* * * LOW HITPOINT WARNING * * *
Casting: Magic Dart
Confirm with . or Enter, or press ? or * to list all spells.
You don't have enough magic to cast that spell.
Unknown command.
You barely miss the crimson imp.
You kick the crimson imp, but do no damage.
The crimson imp spits at you. The crimson imp hits you.
You die...

...####.##.##.#
##....#.
...J........††#
#....... #.##.##.#
#...>.#. #.##.##.#
#...h... #
#..†...%###....... #.
####.##..5........ #.
#)###!#..#...#.
##.######(#...#........
#.....@5..#...###.####.
#.###########... #.#
#.. .... #####.# ..._..
.... ....%. ##.# ###.#
##.... ##.....
#######....(.


You could see a crimson imp.

Vanquished Creatures
  3 gnolls (D:2)
  3 adders
  2 oozes
  2 leopard geckos
  2 orcs (D:3)
  A ball python (D:1)
  6 bats
  2 giant cockroaches (D:2)
  9 goblins
  8 hobgoblins
  12 jackals
  8 kobolds
  A quokka (D:2)
  5 frilled lizards
  6 rats
70 creatures vanquished.

Notes
Turn   | Place    | Note
-------+----------+-------------------------------------------
     0 | D:1      | theElss the Deep Elf Conjurer began the quest for the Orb.
     0 | D:1      | Reached XP level 1. HP: 10/10 MP: 6/6
   190 | D:1      | Reached XP level 2. HP: 15/15 MP: 6/8
   194 | D:1      | Learned a level 2 spell: Searing Ray
   544 | D:2      | Reached skill level 1 in Shields
   743 | D:1      | Reached XP level 3. HP: 17/19 MP: 6/9
  1970 | D:2      | Reached XP level 4. HP: 22/24 MP: 6/10
  2228 | D:2      | Learned a level 4 spell: Iskenderun's Mystic Blast
  2963 | D:3      | Found a bloodstained altar of Trog.
  3020 | D:3      | Gained mutation: You have large cloven feet. [potion of mutation]
  3020 | D:3      | Gained mutation: You are dopey. (Int -2) [potion of mutation]
  3020 | D:3      | Gained mutation: You are somewhat resistant to further mutation. [potion of mutation]
  3035 | D:3      | Reached XP level 5. HP: 13/28 MP: 1/11
  3108 | D:3      | HP: 1/28 [crimson imp (4)]
  3109 | D:3      | Slain by a crimson imp

Skill      XL: |  1  2  3  4 |
---------------+-------------+-----
Shields        | 1 2 3 |  3.5
Dodging        | |  2.4
Stealth        | |  2.4
Spellcasting   | |  3.1
Conjurations   | |  4.8

Action                   |  1- 3 |  4- 6 || total
-------------------------+-------+-------++-------
Melee: Dagger            |       |    72 ||    72
       Kick              |       |    15 ||    15
 Cast: Magic Dart        |    91 |    65 ||   156
       Searing Ray       |     2 |     1 ||     3
  Use: Potion            |       |     7 ||     7
       Scroll            |       |     1 ||     1
  Eat: Chunk             |     3 |     4 ||     7
Armor: Robe              |     9 |    21 ||    30
Dodge: Dodged            |    26 |    63 ||    89
Block: Buckler           |     8 |    20 ||    28
